[Event "Saint Louis Super Swiss 2023"]
[Site "Saint Louis"]
[Date "2023.03.12"]
[Round "1.1"]
[White "Nyzhnyk, Illya"]
[Black "Stearman, Josiah"]
[Result "1-0"]
[ECO "E15"]
[WhiteElo "2654"]
[BlackElo "2391"]
[Annotator "TA"]
[PlyCount "55"]
[EventDate "2023.03.12"]
[EventType "swiss"]
[EventCountry "USA"]
[SourceTitle "playchess.com"]
[Source "ChessBase"]
[SourceQuality "1"]
[TimeControl "5400+30"]

1. Nf3 Nf6 2. c4 e6 3. d4 b6 4. g3 Ba6 5. Qa4 Bb7 6. Bg2 c5 7. O-O Be7 (7... cxd4 {looks sharper.} 8. Nxd4 Qc8 9. Bf4 Bxg2 10. Kxg2 Bc5) 8. Rd1 {[%emt 0:00:49][%cal Od4d5] is the legacy move (8.dxc5). E15: Queen's Indian: 4 g3 sidelines, 4 g3 Ba6 and 4 g3 Bb7 early deviations.} O-O 9. Nc3 (9. dxc5 {feels hotter.} Bxc5 10. Nc3 Ng4 11. Rf1) 9... Na6 {[%emt 0:14:30] [#]} (9... cxd4 $11 {remains equal.} 10. Nxd4 Bxg2 11. Kxg2 Qc8) 10. e4 $146 {[%emt 0:05:30] White is more active. White is better.} ({Predecessor:} 10. d5 exd5 11. cxd5 d6 12. Qb3 Re8 13. e4 Bf8 14. Nd2 Nd7 15. f4 Nb4 16. Nc4 {½-½ Vaschenko,A-Shistariova,S Kiev Spring op 1999 (7)}) 10... cxd4 11. Nxd4 {[%emt 0:00:20] Black must now prevent e5.} Ng4 12. Qc2 Bc5 13. Na4 Be7 14. Qe2 Ne5 15. Nb5 Nc5 16. Nac3 Qb8 (16... a6 $142) 17. b4 Na6 18. f4 Nc6 (18... Ng6 $16) 19. a3 $36 {[%emt 0:00:08][%mdl 2048] And now e5 would win. White is really pushing.} ({Of course not} 19. Rxd7 $6 Qc8 20. Rd1 Bxb4 $11) 19... d6 (19... Rd8 $16 20. e5 Nc7) 20. Bb2 Rd8 $2 (20... Nc7 21. Nxd6 Bxd6) 21. Nd5 {[%emt 0:00:06] White is clearly winning.} Bf8 {[%emt 0:01:44] [#]} (21... exd5 $2 22. exd5 $18) (21... h6 $142 22. Nxe7+ Nxe7) 22. Nf6+ $1 Kh8 {[%emt 0:00:16] [#]} 23. Qh5 $1 gxf6 24. Bxf6+ Bg7 25. Qxf7 Bxf6 26. Qxf6+ Kg8 27. Qxe6+ Kg7 28. Nxd6 {[%emt 0:00:17] Black got outplayed after the opening. A cool game by Nyzhnyk.   Weighted Error Value: White=0.05 (flawless) /Black=0.39} 1-0

[Event "Saint Louis Super Swiss 2023"]
[Site "Saint Louis"]
[Date "2023.03.12"]
[Round "1.2"]
[White "Sukandar, Irine Kharisma"]
[Black "Swiercz, Dariusz"]
[Result "1/2-1/2"]
[ECO "B32"]
[WhiteElo "2389"]
[BlackElo "2646"]
[Annotator "TA"]
[PlyCount "90"]
[EventDate "2023.03.12"]
[EventType "swiss"]
[EventCountry "USA"]
[SourceTitle "playchess.com"]
[Source "ChessBase"]
[SourceQuality "1"]
[TimeControl "5400+30"]

1. e4 c5 2. Nf3 Nc6 3. d4 cxd4 4. Nxd4 e5 5. Nb5 d6 6. c4 g6 {[%emt 0:00:28] 6...Be6 gains popularity. B32: Sicilian: Löwenthal and Kalashnikov Variations.} 7. N1c3 {[%emt 0:02:35] [#] Strongly threatening Nd5.} a6 8. Na3 Be6 {[%emt 0:00:05] White has an edge.} 9. g3 Bg7 10. Bg2 {[%emt 0:00:07] [#]} Nd4 $146 ({Predecessor:} 10... h5 11. O-O h4 12. Nd5 Rc8 13. Be3 Nh6 14. c5 Ng4 15. cxd6 Nxe3 16. fxe3 hxg3 17. hxg3 Qxd6 {1-0 Alinasab,M (2325)-Pavlidou,E (2189) Titled Tuesday intern op 08th Feb Early blitz 2022 (5)}) 11. O-O Ne7 12. b3 Rc8 13. Bb2 O-O 14. Nc2 Nxc2 15. Qxc2 b5 16. cxb5 axb5 {[%emt 0:00:11] [#] Hoping for ...b4.} 17. Qd2 Qb6 18. Rfc1 b4 19. Nd5 Nxd5 20. exd5 Bd7 21. a3 bxa3 22. Bxa3 (22. Rxa3 $11 {keeps the balance.} Rxc1+ 23. Bxc1) 22... Rxc1+ ({Reject} 22... Qxb3 23. Bxd6 Rxc1+ 24. Rxc1 $11) (22... e4 $17 23. Rab1 f5) 23. Rxc1 $15 Ra8 ({Don't play} 23... Qxb3 24. Bxd6 Ra8 25. h3 $11) 24. Bb4 (24. Qb4 $1 $15 Qa7 25. Bb2) 24... Bf8 25. h4 Rb8 26. Rc4 h5 27. Bf3 Bc8 28. Bd1 Ba6 29. Ba5 Qb5 {[%emt 0:01:01][%cal Of8h6] Threatens to win with ...Bh6!} 30. Bc2 Bb7 31. Be4 Ba8 (31... Qxb3 $2 32. Rb4 Qa3 33. Bc7 $18) 32. Bb4 Qd7 33. Qg5 Be7 (33... Rb5 $5 ) 34. Qc1 Bf8 35. Qa3 Bb7 (35... f5 $5 36. Bg2 e4 $17) 36. Qa5 {[%emt 0:02:04] The position is equal.} Ra8 37. Qc7 Qxc7 38. Rxc7 Rb8 39. Bd2 Ba6 40. b4 Bb5 41. Bg5 Ba4 42. Bd2 Bb5 43. Bg5 Ba4 44. Bd2 Bb5 45. Bg5 Ba4 {[%emt 0:00:29] Weighted Error Value: White=0.09 (flawless) /Black=0.07 (flawless)} 1/2-1/2

[Event "Saint Louis Super Swiss 2023"]
[Site "Saint Louis"]
[Date "2023.03.12"]
[Round "1.3"]
[White "Durarbayli, Vasif"]
[Black "Park, Evan"]
[Result "1/2-1/2"]
[ECO "C92"]
[WhiteElo "2635"]
[BlackElo "2383"]
[Annotator "TA"]
[PlyCount "119"]
[EventDate "2023.03.12"]
[EventType "swiss"]
[EventCountry "USA"]
[SourceTitle "playchess.com"]
[Source "ChessBase"]
[SourceQuality "1"]
[TimeControl "5400+30"]

1. e4 e5 2. Nf3 Nc6 3. Bb5 a6 4. Ba4 Nf6 5. O-O Be7 6. Re1 b5 7. Bb3 d6 8. c3 O-O 9. h3 Bb7 10. d4 Re8 11. Nbd2 Bf8 12. d5 Nb8 13. Nf1 c6 {[%emt 0:01:20] C92: Closed Ruy Lopez: 9...Be6, Karpov and Flohr-Zaitsev Variations.} 14. dxc6 Bxc6 15. Bg5 Nbd7 16. N3h2 Qc7 (16... Bxe4 $2 17. Rxe4 Nc5 18. Re1 $18) 17. Ng3 (17. Qf3 $5 ) 17... Qb7 (17... a5 $11) 18. Qf3 $16 {[%emt 0:13:57] Threatens to win with Ng4. White is more active.} h6 19. Bxf6 (19. Bxh6 {seems wilder.} a5 20. Ng4 a4 21. Bc2) 19... Nxf6 {[%emt 0:00:04] [#]} 20. Rad1 $146 ({Predecessor:} 20. Ng4 Nxg4 21. Qxg4 Rad8 22. Rad1 Kh8 23. Rd3 a5 24. Bd5 Bxd5 25. Rxd5 Rc8 26. Rc1 {½-½ Ederer,K (2003)-Van Bommel,T (2007) RB-2016-0-00316}) 20... a5 $1 21. Ng4 Nxg4 22. Qxg4 {[%emt 0:00:08][%cal Od1d6] Rxd6! would be deadly.} a4 $132 {[%emt 0:03:09][%mdl 2048] Black is not keeping still} 23. Bd5 Bxd5 24. Rxd5 b4 $1 25. c4 {[%emt 0:00:00] Black is weak on the light squares} b3 26. Rb5 Qc8 (26... Qc6 $11) 27. axb3 $14 axb3 28. Qe2 (28. Rxb3 Qxc4 29. Rc3 Qe6 $11) 28... Rb8 29. Rxb8 Qxb8 30. Qd3 Qb4 31. Rc1 Ra8 32. Qc3 (32. Nf1 $16) 32... Qb7 $1 $11 33. Rd1 Ra4 34. c5 Rd4 (34... dxc5 $5 35. Qxe5 Qb6 $15) 35. Rxd4 exd4 36. Qxd4 dxc5 {[%emt 0:00:11][%mdl 4096] Endgame KQB-KQN} 37. Qc4 Bd6 38. Ne2 (38. Nf1 $11 {keeps the balance.}) 38... Qa7 {[%emt 0:03:37] Hoping for ...Qa1+.} 39. Nc1 Qa1 {[%emt 0:00:58] aiming for ...Bf4.} 40. g3 {[%emt 0:00:16] Repels Bf4} Qb1 $1 (40... Qxb2 $6 41. Nxb3 g6 42. Qd5 $11) 41. Kf1 Be5 (41... Qxb2 42. Nxb3 g6 43. Qd5 $11) 42. Qxc5 Bxb2 ({Reject} 42... Qxe4 $6 43. Nxb3 Bxb2 44. Qc8+ Kh7 45. Kg1 $11) ({Don't play} 42... Qxb2 43. Qc8+ Kh7 44. Qf5+ Kg8 45. Nxb3 $11) 43. Qc8+ Kh7 44. Qf5+ Kg8 45. Qc8+ Kh7 46. Qf5+ g6 47. Qxf7+ Bg7 {[%emt 0:00:04] ( -> ...b2)} 48. Qxb3 Qxc1+ 49. Kg2 h5 50. h4 Qc6 51. Qd5 ({White should play} 51. Qd3 $15) 51... Qc3 $2 (51... Qxd5 $1 $19 {has better winning chances.} 52. exd5 Bf8) 52. Qf7 $17 Qd4 53. Qd5 {[%emt 0:00:16] [#]} (53. Qe7 $17 {keeps fighting.}) 53... Qf6 $2 ({Black should try} 53... Qxd5 $1 $19 54. exd5 Be5) 54. Qd7 Qb2 55. Qf7 Qd4 $2 (55... Qe2 $17 56. Qe7 Qc4) 56. Qd5 $19 {[%emt 0:00:05] [#]} Qxd5 $1 57. exd5 Be5 58. f4 Bd6 59. g4 hxg4 $2 (59... Bxf4 $19 60. gxh5 Kg7) 60. Kg3 {[%emt 0:00:07] Weighted Error Value: White=0.24 (precise) /Black=0.26 (precise)} 1/2-1/2

[Event "Saint Louis Super Swiss 2023"]
[Site "Saint Louis"]
[Date "2023.03.12"]
[Round "1.4"]
[White "Lee, Alice"]
[Black "Hakobyan, Aram"]
[Result "0-1"]
[ECO "D38"]
[WhiteElo "2362"]
[BlackElo "2620"]
[Annotator "TA"]
[PlyCount "98"]
[EventDate "2023.03.12"]
[EventType "swiss"]
[EventCountry "USA"]
[SourceTitle "playchess.com"]
[Source "ChessBase"]
[SourceQuality "1"]
[TimeControl "5400+30"]

1. d4 Nf6 2. c4 e6 3. Nf3 d5 4. Nc3 Nbd7 5. Qc2 Bb4 6. cxd5 exd5 7. Bg5 h6 8. Bh4 {[%emt 0:00:10] D38: Queen's Gambit Declined: Ragozin Defence (4 Nf3 Bb4).} g5 {[%emt 0:00:45] 8...c5 is not played anymore.} 9. Bg3 Ne4 10. Nd2 {[%emt 0:00:36] The position is equal.} Nxg3 11. hxg3 Nb6 12. O-O-O Qf6 $36 {[%emt 0:05:15][%mdl 2048] Black has the initiative.} 13. e4 Qxf2 (13... Qxd4 $2 14. Nb5 Qxf2 15. Nxc7+ Ke7 16. Nxa8 (16. Nxd5+ $2 Nxd5 17. exd5 Bf5 $19) 16... Nxa8 17. Kb1 $18 (17. exd5 Bf5 $16)) 14. Nxd5 Nxd5 (14... Qxd4 $2 15. Nxc7+ Ke7 16. Nxa8 Nxa8 17. Nc4 $18) 15. exd5 {[%emt 0:00:11] [#] Qa4+ would be deadly.} Bd7 $146 {[%emt 0:05:12] Prevents Qa4. Active counter play!} (15... Qxd4 $2 16. Nc4 (16. Qxc7 O-O $17) 16... Qc5 17. a3 $18) ({Predecessor:} 15... Bxd2+ 16. Rxd2 Qe1+ 17. Rd1 Qe3+ 18. Kb1 Bd7 19. Qxc7 Rc8 20. Qe5+ Qxe5 21. dxe5 Kf8 {1-0 Ramesa,M (2191)-Pretterhofer,K (1980) Vienna Husek op 2014 (4)}) 16. Ne4 (16. Qb3 $5 Bxd2+ 17. Rxd2 Qe1+ 18. Rd1 $11) 16... Qxc2+ 17. Kxc2 O-O-O 18. Nf6 {[%emt 0:02:58] Wards off Bg4} (18. Bd3 $5) 18... Bf5+ {[%emt 0:00:08] This pair of bishops is nice.} 19. Bd3 Bxd3+ 20. Kxd3 Be7 $1 21. Rdf1 Bxf6 $1 22. Rxf6 Rxd5 23. Rhxh6 $15 {[%emt 0:03:22][%mdl 4096] Endgame KRR-KRR} Rhd8 24. Rxf7 Rxd4+ 25. Kc3 Rd3+ 26. Kc2 $1 Rd2+ 27. Kc1 R2d4 28. b3 {[%emt 0:09:10] Wards off Rc4+} R4d5 29. Rh1 {[%emt 0:06:30] Black converts the advantage convincingly.} b6 {[%emt 0:06:43] Threatens to win with ...Rc5+.} 30. Rhf1 g4 31. R7f4 Rd2 32. Kb1 (32. Rxg4 $17 Rxa2 33. Ra4 Rxa4 34. bxa4) 32... Rxg2 $19 33. Rxg4 Rdd2 34. Ra4 Kb7 ({Worse is} 34... Rxg3 35. Kc1 Rdg2 36. Rxa7 $17) 35. g4 b5 {[%emt 0:01:15][%mdl 64] [#] Deflection} 36. Ra3 Kb6 37. Rc1 $2 (37. b4 {only move.}) 37... a5 38. b4 (38. g5 $142 Rxg5 39. Re1) 38... Rb2+ 39. Ka1 axb4 40. Ra8 Kb7 41. Ra5 c6 {[%emt 0:00:19] White must now prevent ...Rbd2.} 42. g5 Rbd2 {[%emt 0:01:22] ( -> ...Rd8)} 43. Rb1 Rd4 {[%emt 0:00:43] Hoping for ...Rg3.} 44. a3 b3 {[%emt 0:02:58] Black mates.} 45. Rxb3 Rd8 46. a4 Kb6 ({Inferior is} 46... Rxg5 47. axb5 c5 48. b6 $11) 47. Raxb5+ cxb5 48. Rxb5+ Ka6 49. Rb1 Rdd2 {[%emt 0:00:06] Weighted Error Value: White=0.53/Black=0.07 (flawless)} 0-1

[Event "Saint Louis Super Swiss 2023"]
[Site "Saint Louis"]
[Date "2023.03.12"]
[Round "1.5"]
[White "Bruzon Batista, Lazaro"]
[Black "Jacobson, Aaron"]
[Result "1-0"]
[ECO "E01"]
[WhiteElo "2610"]
[BlackElo "2308"]
[Annotator "TA"]
[PlyCount "67"]
[EventDate "2023.03.12"]
[EventType "swiss"]
[EventCountry "USA"]
[SourceTitle "playchess.com"]
[Source "ChessBase"]
[SourceQuality "1"]
[TimeControl "5400+30"]

1. d4 d5 2. c4 e6 3. Nf3 Nf6 4. g3 h6 5. Bg2 Bd6 6. O-O {[%emt 0:01:08] E01: Catalan: Early deviations.} O-O 7. b3 b6 8. cxd5 $5 {[%emt 0:08:50][%mdl 4] White is slightly better. An interesting side line.} exd5 9. Ba3 {[%emt 0:00:05] [#]} Bxa3 $146 ({Predecessor:} 9... Bb7 10. Bxd6 Qxd6 11. Nc3 a6 12. Rc1 Re8 13. e3 Nbd7 14. Qc2 Rac8 15. Rfd1 Ne4 16. Nxe4 dxe4 {0-1 Arabidze,M (2436)-Jacobson,B (2491) Titled Tuesday intern op 04th May blitz 2021 (3)}) 10. Nxa3 Qe7 11. Nb5 c5 12. Rc1 Be6 13. Ne5 Rc8 14. dxc5 bxc5 15. Nd3 {[%emt 0:01:45] White has more active pieces. The black rooks are badly placed.} Nbd7 16. Qd2 a6 17. Nc3 Nb6 (17... d4 $5 18. Ne4 Bd5 19. Nxf6+ Nxf6 $11) 18. e4 d4 19. Ne2 a5 ({Not} 19... c4 20. Ndf4 $16) 20. Nef4 Nfd7 (20... Rc7 $14) 21. e5 $16 Ra7 22. Nxe6 Qxe6 {[%emt 0:03:48] [#]} 23. Rfe1 $1 Nd5 {[%emt 0:02:13] [#]} (23... Qe7 $16 24. Bh3 Rc6) 24. Nxc5 $1 $18 {[%emt 0:02:51][%mdl 576] Discovered Attack, Remove Defender, Decoy} Nxc5 (24... Rxc5 25. Rxc5) 25. Qxd4 Rac7 {[%emt 0:00:27][%cal Oc5b3] aiming for ...Nxb3!} 26. Bxd5 Qf5 27. Qe3 g5 28. Rc4 Kg7 $2 (28... Qd3) 29. Rec1 {[%emt 0:02:32] White is clearly winning.} Na6 {[%emt 0:00:11] [#]} 30. Bb7 $1 {[%emt 0:00:48][%mdl 576] Double Attack} Rxc4 31. bxc4 ({Inferior is} 31. Rxc4 Rxc4 32. Kg2 (32. Bxa6 Re4 $17) 32... Rc5 33. Bxa6 Qxe5 34. Qxe5+ Rxe5 $19) 31... Rxc4 32. Rxc4 Qb1+ 33. Rc1 Qxb7 34. e6 {[%emt 0:00:07] An entertaining game by Bruzon Batista.   Weighted Error Value: White=0.09 (flawless) /Black=0.43} 1-0

[Event "Saint Louis Super Swiss 2023"]
[Site "Saint Louis"]
[Date "2023.03.12"]
[Round "1.6"]
[White "Caglar, Sila"]
[Black "Quesada Perez, Yasser"]
[Result "0-1"]
[ECO "B22"]
[WhiteElo "2280"]
[BlackElo "2604"]
[Annotator "TA"]
[PlyCount "106"]
[EventDate "2023.03.12"]
[EventType "swiss"]
[EventCountry "USA"]
[SourceTitle "playchess.com"]
[Source "ChessBase"]
[SourceQuality "1"]
[TimeControl "5400+30"]

1. e4 c5 2. c3 Nf6 3. e5 Nd5 4. Nf3 e6 5. d4 cxd4 6. cxd4 b6 7. Bc4 Ba6 {[%emt 0:00:29] B22: Sicilian: 2 c3.} 8. Nbd2 Qc8 {[%emt 0:03:27] [#]} 9. Qe2 $146 ({Predecessor:} 9. b3 Nf4 10. O-O b5 11. Be2 Be7 12. Bb2 O-O 13. Rc1 Qd8 14. Re1 Nxe2+ 15. Rxe2 {1-0 Ovod,E (2185)-Yao,L (2283) Wch Rapid (Women) 2022 (11)}) 9... Be7 {[%emt 0:11:42] The position is equal.} 10. Bxa6 Qxa6 11. Ne4 O-O 12. Qxa6 Nxa6 13. Bg5 f6 14. exf6 gxf6 15. Bd2 Rac8 16. Nc3 Nxc3 17. bxc3 (17. Bxc3 $15 {is superior.} Nc7 18. Ke2) 17... Rc4 18. Ke2 Ra4 19. h4 Rc8 20. g4 Nc7 21. Rhb1 Nd5 22. Rb3 a6 23. g5 b5 24. Kd3 fxg5 25. hxg5 Bd6 26. a3 Nb6 {[%emt 0:09:54] Black is much more active.} 27. Rg1 (27. Be3 $17) 27... Rf8 (27... Rxa3 28. Rxa3 Bxa3 29. Ra1 $15) 28. Ke2 Nc4 {[%emt 0:00:50][%cal Of8f3] And now ...Rxf3! would win.} (28... Rxa3 29. Rxa3 Bxa3 30. Ra1 $15) 29. Bc1 Na5 (29... Nxa3 30. Bxa3 Bxa3 31. Ra1 $17) ({Better is} 29... Bxa3 30. Bxa3 Rxf3 {[%mdl 64] Remove Defender, Decoy} 31. Kxf3 Nd2+ 32. Kg4 Nxb3) 30. Rb1 $17 Bxa3 31. Bd2 (31. Be3 $17) 31... Nc4 $19 32. g6 Be7 $2 (32... Rxf3 33. gxh7+ Kxh7 34. Rh1+ Kg6 35. Rbg1+ Kf7 36. Rh7+ Ke8 37. Kxf3 Nxd2+ 38. Ke2 $15) (32... h5 $19 {[%cal Of8f3] aiming for ...Rxf3!} 33. Bh6 Rf6) 33. gxh7+ $11 Kh8 $1 34. Rg3 Bd6 (34... Kxh7 $2 35. Rh1+) 35. Nh4 {[%emt 0:06:27] White wants to mate with Ng6+.} Bxg3 (35... Rxf2+ 36. Kxf2 Bxg3+ 37. Kxg3 $16) 36. Ng6+ Kxh7 37. Nxf8+ Kg7 (37... Kg8 $5 38. Nxd7 Ra2 39. fxg3 Rxd2+ 40. Kf3 Rd3+ 41. Kf4 Rxc3 $15) 38. Nxd7 Ra2 39. Rg1 {[%emt 0:01:07][%mdl 64] [#] Pin} Rxd2+ 40. Ke1 Rb2 41. Rxg3+ {[%emt 0:00:06][%mdl 4096] Endgame KRN-KRN} Kf7 {[%emt 0:00:04] With the idea ...a5.} 42. Nc5 $2 {[%emt 0:00:29] [#] This costs White the game.} (42. f4 $1 $11) 42... a5 $1 $19 {[%emt 0:00:06][%cal Ba6a5,Ba5a4,Ba4a3][%mdl 32] Hoping for ...a4.} 43. Rh3 $2 (43. Nd3 Rb1+ 44. Ke2) 43... a4 44. Rh7+ Kg6 45. Ra7 a3 {[%emt 0:00:37] Strongly threatening ...a2.} 46. Kf1 ({Don't play} 46. Nxe6 a2 47. Ra6 Rb1+ 48. Ke2 a1=Q) 46... Rc2 47. Kg2 Rxc3 48. Nxe6 Rc2 {[%emt 0:01:14] White must now prevent ...b4.} (48... b4 49. Nf4+ Kf5 50. Nd5 $17) 49. d5 b4 {[%emt 0:00:14][%cal Bb5b4,Bb4b3,Bb3b2][%mdl 32] ...b3 is the strong threat.} 50. Nd4 Rd2 51. Nb3 Rd3 ({Inferior is} 51... Rxd5 52. Ra4 $17) 52. Na1 b3 53. Rb7 b2 {[%emt 0:00:15] Weighted Error Value: White=0.55/Black=0.15 (very precise)} ({Stronger than} 53... Rxd5 54. Nxb3 Na5 55. Rb6+ Kh5 56. Nc1 $15) 0-1

[Event "Saint Louis Super Swiss 2023"]
[Site "Saint Louis"]
[Date "2023.03.12"]
[Round "1.7"]
[White "Akobian, Varuzhan"]
[Black "Ladan, Nicholas"]
[Result "1-0"]
[ECO "D38"]
[WhiteElo "2591"]
[BlackElo "2273"]
[Annotator "TA"]
[PlyCount "37"]
[EventDate "2023.03.12"]
[EventType "swiss"]
[EventCountry "USA"]
[SourceTitle "playchess.com"]
[Source "ChessBase"]
[SourceQuality "1"]
[TimeControl "5400+30"]

1. d4 d5 2. c4 e6 3. Nc3 Nf6 4. cxd5 exd5 5. Bg5 Bb4 6. e3 h6 7. Bxf6 Qxf6 8. Qa4+ Nc6 9. Nf3 O-O 10. Rc1 Rd8 11. Be2 {[%emt 0:14:05] [#] D38: Queen's Gambit Declined: Ragozin Defence (4 Nf3 Bb4).} Bxc3+ $146 ({Predecessor:} 11... Bf8 12. O-O a6 13. a3 Ne7 14. Qb3 c6 15. Na4 Ng6 16. Nc5 Re8 17. Rfe1 Bd6 18. Qc2 Bxc5 19. dxc5 {½-½ Li,D (2546)-Zhao,J (2602) CHN-chT Div A 2023 (2.2)}) 12. bxc3 Ne7 13. c4 {[%emt 0:00:31] White is slightly better.} Qg6 14. O-O Bh3 {[%emt 0:04:32][%csl Gh3][%cal Rg6g2] [#]} 15. Ne1 (15. Nh4 Qg5 16. g3 Bxf1 17. Kxf1 Rd6 $17) 15... c5 {[%emt 0:04:03] Inhibits Qb4.} 16. Qa3 $16 (16. dxc5 dxc4 17. Rxc4 Be6 $14) 16... dxc4 17. Qxc5 Nf5 {[%emt 0:00:59][%cal Oh3g2] And now ...Bxg2! would win.} 18. Kh1 (18. Rxc4 Bxg2 $15) 18... Rac8 {[%emt 0:00:46] [#]} ({Black should play} 18... Bg4 $1 $14 19. Bxg4 (19. Qxc4 Nxe3 20. fxe3 Rac8 $15) (19. Bxc4 Rac8 $11) 19... Qxg4) 19. Qa3 $1 {[%emt 0:07:28] Weighted Error Value: White=0.05 (flawless) /Black=0.22 (precise)} ({Don't play} 19. Qxa7 Bg4 20. Bxg4 (20. Bxc4 Rxc4 21. Rxc4 Be2 $17) 20... Qxg4 $16) 1-0

[Event "Saint Louis Super Swiss 2023"]
[Site "Saint Louis"]
[Date "2023.03.12"]
[Round "1.8"]
[White "Antova, Gabriela"]
[Black "Yoo, Christopher Woojin"]
[Result "0-1"]
[ECO "E16"]
[WhiteElo "2266"]
[BlackElo "2591"]
[Annotator "TA"]
[PlyCount "68"]
[EventDate "2023.03.12"]
[EventType "swiss"]
[EventCountry "USA"]
[SourceTitle "playchess.com"]
[Source "ChessBase"]
[SourceQuality "1"]
[TimeControl "5400+30"]

1. d4 Nf6 2. Nf3 e6 3. c4 b6 4. g3 Bb7 5. Bg2 Bb4+ 6. Bd2 a5 7. O-O O-O 8. Bg5 Be7 9. Nc3 Ne4 10. Bxe7 {[%emt 0:02:16] E16: Queen's Indian: 4 g3 Bb7 5 Bg2 Bb4+.} Qxe7 11. Qc2 Nxc3 12. Qxc3 {[%emt 0:00:20] The position is equal.} d6 13. Rfe1 Be4 {[%emt 0:03:58] [#]} 14. Nh4 $146 ({Predecessor:} 14. Qe3 f5 15. Nh4 Bxg2 16. Nxg2 Nd7 17. Nf4 Rfe8 18. Qf3 Nf6 19. Qc6 g5 20. Ng2 {0-1 Cheparinov,I (2661)-Durarbayli,V (2522) Lindores Abbey Blitz Tal Memorial 2021 (5.28)}) 14... f5 15. Bxe4 fxe4 16. Qe3 d5 17. Rac1 a4 18. a3 (18. f3 $14) 18... Qd7 $11 19. f3 Nc6 20. Red1 Na5 21. cxd5 exd5 22. fxe4 Nc4 23. Qc3 Qg4 24. exd5 b5 (24... Qxe2 $2 25. Qxc4 Qf2+ 26. Kh1 $18) 25. Re1 Rae8 26. e3 $1 Rf6 (26... g5 $5 27. Ng2 $8 Qf3 $11) 27. Ng2 g5 {[%emt 0:00:34] [#] Threatens to win with ...Rh6.} 28. Rc2 Ref8 $36 {[%emt 0:02:12][%mdl 3072] ...Qf5 is the strong threat. Black has compensation. Black has some pressure.} 29. e4 {[%emt 0:00:30] Prevents Qf5} h5 {[%emt 0:05:49][%cal Bh7h5,Bh5h4,Bh4h3][%mdl 32] ...Rf3 would be deadly.} (29... Qxe4 $5 30. Nf4 (30. b3 $2 axb3 31. Qxb3 Qxd4+ 32. Ne3 Rf1+ {[%mdl 64] Deflection} 33. Rxf1 Qxe3+ 34. Rcf2 Rxf2 $19) 30... Qf5 $11) 30. Qd3 (30. Ne3 $11 {remains equal.} Nxe3 31. Qxe3) 30... Rf3 $17 31. Qe2 h4 {[%emt 0:00:11] Black has more active pieces.} 32. Rc3 $2 {[%emt 0:00:12] [#]} (32. gxh4 $17 gxh4 33. Kh1) 32... h3 $1 $19 ({Worse is} 32... hxg3 33. hxg3 Qxg3 34. e5 $11) 33. Rxf3 $2 (33. Rd3) 33... Rxf3 34. e5 Qxd4+ {[%emt 0:00:12] Weighted Error Value: White=0.65/Black=0.06 (flawless)} 0-1

[Event "Saint Louis Super Swiss 2023"]
[Site "Saint Louis"]
[Date "2023.03.12"]
[Round "1.9"]
[White "Theodorou, Nikolas"]
[Black "Marjanovic, Annamaria"]
[Result "1-0"]
[ECO "E11"]
[WhiteElo "2584"]
[BlackElo "2264"]
[Annotator "TA"]
[PlyCount "83"]
[EventDate "2023.03.12"]
[EventType "swiss"]
[EventCountry "USA"]
[SourceTitle "playchess.com"]
[Source "ChessBase"]
[SourceQuality "1"]
[TimeControl "5400+30"]

1. d4 d5 2. c4 e6 3. Nf3 Nf6 4. g3 Bb4+ 5. Bd2 a5 6. Bg2 O-O {[%emt 0:00:14] 6...0-0 scores better than 6...dxc4.} 7. Qc2 c5 {[%emt 0:00:58] E11: Bogo-Indian.} 8. cxd5 cxd4 9. Nxd4 Qb6 {[%emt 0:00:25] White is slightly better.} 10. e3 exd5 11. O-O Nc6 12. Nxc6 bxc6 13. Bc3 Be7 14. Bd4 c5 15. Bxf6 Bxf6 16. Nc3 $1 Bxc3 17. bxc3 Be6 18. Rfd1 Rad8 19. Rab1 {[%emt 0:01:08] [#]} Qa6 $146 ({Predecessor:} 19... Qc7 20. Qa4 Qe7 21. Qa3 Rb8 22. Rxb8 Rxb8 23. Qxa5 g6 24. Qa4 Qf6 25. Qf4 Qxf4 26. gxf4 {½-½ Demuth,A (2332)-Kosten,A (2510) Cap d'Agde CCAS op 2008 (3)}) 20. Qa4 Qe2 21. Qxa5 Ra8 22. Qb5 Rxa2 23. Qxe2 (23. Qxc5 $2 {leads to mate.} Qxf2+ 24. Kh1 Qxg2#) 23... Rxe2 24. Bxd5 c4 (24... g6 $16) 25. Rb4 $1 $18 Rd8 {[%emt 0:02:36] [#]} 26. Kg2 ({White should play} 26. Rd4 $1 $18 Bh3 27. Rb1 (27. Rbxc4 $2 Re1#)) 26... Kf8 $2 {[%emt 0:01:31] [#] This move loses the game for Black.} (26... h5 $16 {is a better defense.} 27. e4 (27. Bxc4 Rxf2+ 28. Kxf2 Rxd1 $16) 27... Rc8) 27. Bxe6 $1 (27. Bxc4 Rxf2+ 28. Kxf2 Rxd1 $16) 27... Rxd1 {[%emt 0:00:34][%mdl 4096] Endgame KRR-KRB} 28. Bg4 ({Weaker is} 28. Bxc4 Red2 $11) 28... Rdd2 29. Bxe2 (29. Rxc4 $2 {too greedy.} Rxf2+ 30. Kg1 Rg2+ 31. Kh1 Rxh2+ 32. Kg1 Rdg2+ 33. Kf1 Rc2 34. Rc8+ Ke7 $19) 29... Rxe2 30. Rxc4 {[%emt 0:00:05] KR-KR} Ke7 31. Rc7+ Ke6 32. g4 h6 33. c4 Rc2 34. h4 g6 35. c5 h5 (35... Kf6 $142 36. Rc6+ Ke7) 36. gxh5 {[%emt 0:03:08] White is clearly winning.} gxh5 37. c6 Rc4 38. f4 Rc2+ 39. Kf3 Rh2 40. Ra7 Rc2 41. c7 Rc5 42. Ke4 {[%emt 0:01:37] Weighted Error Value: White=0.04 (flawless) /Black=0.23 (precise)} 1-0